AoeStats
← QQMORE

Nomad

510458096Analyzed
2v2 RM · 2d ago on Oct 1, 2026· 39m 12s· 4 players
Game mode
Random Map
Map size
176×176
Population
200
Speed
Normal
Resources
Standard
Victory
Conquest
Starting age
Dark Age
Ending age
Imperial Age
RankedLock teamsTeams togetherTeam positionsShared explorationLock speedFull tech treeHidden civsTurbo modeCheats
Victory
Defeat
🇨🇱 Mongols · Chile
982
+16
🇹🇼 Goths · Taiwan
932
+18
🇨🇱 Turks · Chile
992
-18
🇨🇱 Inca · Chile
958
-16
小藍
11:26 Loom
15:59 Feudal Age
18:54 Man-at-Arms
19:05 Man-at-Arms
29:40 Horse Collar
31:50 Town Watch
33:22 Double-Bit Axe
34:12 Fletching
34:22 Padded Archer Armor
36:28 Wheelbarrow
38:53 Fishing Lines
Huidaveloz
3:36 Loom
16:27 Feudal Age
18:32 Town Watch
22:09 Castle Age
20:21 Horse Collar
20:29 Double-Bit Axe
22:01 Fletching
23:35 Gold Mining
23:36 Stone Mining
25:48 Bodkin Arrow
27:05 Padded Archer Armor
31:54 Bow Saw
32:48 Fishing Lines
QQMORE
7:43 Loom
13:43 Feudal Age
17:07 Man-at-Arms
21:49 Castle Age
19:53 Scale Mail Armor
20:04 Forging
19:44 Double-Bit Axe
19:41 Horse Collar
21:35 Scale Barding Armor
22:06 Arson
21:54 Long Swordsman
23:12 Iron Casting
22:52 Long Swordsman
27:52 Husbandry
30:03 Fletching
30:14 Padded Archer Armor
31:58 Wheelbarrow
31:29 Bodkin Arrow
31:49 Leather Archer Armor
Jadecito
14:07 Loom
17:14 Feudal Age
29:34 Castle Age
27:32 Arson
27:58 Champi Runner
37:47 Andean Sling
Connection lost

Rejoining the realm…

Still unreachable

The connection could not be restored.

Session expired

The server has moved on; the page needs a fresh start.